 Dungeon Crawl Stone Soup version 0.29-a0-308-g4e025c60ea (webtiles) character file.

Game seed: 17330023327641216330

349 EnegeticOcto the Skirmisher (level 6, -4/48 HPs)
             Began as a Djinni Warper on Mar 28, 2022.
             Slain by a bullfrog (5 damage)
             ... on level 6 of the Dungeon.
             The game lasted 00:06:44 (923 turns).

EnegeticOcto the Skirmisher (Djinni Warper)          Turns: 923, Time: 00:06:45

Health: -4/48      AC:  4    Str: 10    XL:     6   Next: 92%
Gold:   91         EV: 11    Int: 17    God:
                   SH:  0    Dex: 12

rFire   + + .      SeeInvis .   w - +2 war axe (vamp)
rCold   . . .      Faith    .   (no shield)
rNeg    . . .      Spirit   .   a - +0 leather armour
rPois   ∞          Reflect  .   (no helmet)
rElec   .          Harm     .   e - +0 cloak
rCorr   .          Rampage  .   (no gloves)
Will    .....                   (boots unavailable)
Stlth   +.........              (no amulet)
HPRegen 0.16/turn               d - ring of protection from cold
MPRegen 0.00/turn               (no ring)

@: on blink cooldown, flying
A: sickness immunity, fire resistance 2, cold vulnerability 1, float, innate
caster, HP casting, extra vitality 1
a: no special abilities


You were on level 6 of the Dungeon.
You visited 2 branches of the dungeon, and saw 7 of its levels.

You collected 201 gold pieces.
You spent 110 gold pieces at shops.

Inventory:

Hand Weapons
 o - a +2 vorpal war axe
   (You found it on level 2 of the Dungeon)
 w - a +2 vampiric war axe (weapon)
   (You found it on level 4 of the Dungeon)
Missiles
 c - 4 boomerangs of dispersal (quivered)
Armour
 a - a +0 leather armour (worn)
 e - a +0 cloak (worn)
   (You found it on level 2 of the Dungeon)
Magical Staves
 q - a staff of air
   (You took it off a hobgoblin on level 3 of the Dungeon)
Jewellery
 d - a ring of protection from cold (left hand)
   (You found it on level 1 of the Dungeon)
 p - a ring of resist corrosion
   (You found it on level 3 of the Dungeon)
Wands
 u - a wand of iceblast (7) {@v2}
   (You bought it in a shop on level 4 of the Dungeon)
 x - a wand of digging (7) {@v3}
   (You found it on level 4 of the Dungeon)
Scrolls
 b - 3 scrolls of blinking {@r4}
 f - a scroll of summoning {unknown}
 h - a scroll of teleportation {@r3 !r}
 i - a scroll of fog {unknown}
 j - a scroll of identify {unknown}
 r - a scroll of acquirement {unknown}
 t - a scroll of magic mapping {unknown}
 v - a scroll of enchant weapon {unknown}
Potions
 g - a potion of resistance {unknown}
 k - a potion of haste {unknown}
 l - a potion of curing {unknown}
 m - 2 potions of heal wounds {@q2 !q}
 n - a potion of invisibility {unknown}
 s - a potion of flight {unknown}


   Skills:
 + Level 4.4 Fighting
 - Level 0.7 Throwing
 - Level 1.0 Armour
 - Level 2.1 Dodging
 - Level 3.5 Unarmed Combat
 - Level 4.0 Spellcasting


You couldn't memorise any spells.
You knew the following spells:

 Your Spells              Type           Power      Damage    Failure   Level
a - Lesser Beckoning      Tloc           17%        N/A       12%         3
b - Foxfire               Conj/Fire      68%        2x1d7     4%          1
c - Teleport Other        Tloc           17%        N/A       12%         3
d - Manifold Assault      Tloc           17%        N/A       75%         5
e - Gell's Gravitas       Tloc           17%        N/A       12%         3
f - Searing Ray           Conj           34%        2d5       6%          2
Y - Blink                 Tloc           34%        N/A       6%          2
Your spell library was empty.

Dungeon Overview and Level Annotations

Branches:
Dungeon (6/15)             Temple (1/1) D:4

Altars:
Dithmenos
Fedhas
Gozag
Hepliaklqana
Kikubaaqudgha
Makhleb
Nemelex Xobeh
Qazlal
Ru
Vehumet
Wu Jian
Zin
The Shining One
Lugonu

Shops:
D:4 *   D:5 =


Innate Abilities, Weirdness & Mutations

You are immune to sickness and miasma.
You are immune to poison.
Your flesh is very heat resistant. (rF++)
You are vulnerable to cold. (rC-)
You float through the air rather than walking.
You learn spells naturally, not from books.
Your magical power is your life essence.
You have superior vitality. (+4 MHP)


Message History

You closely miss the orc.
The foxfire hits the orc but does no damage.
The foxfire hits the orc.
The orc is moderately wounded.
You hit the orc.
You feel better.
The orc is severely wounded.
You barely miss the orc. The orc closely misses you. The orc misses you.
You barely miss the orc wizard.
The orc wizard is moderately wounded.
You barely miss the orc. The orc wizard casts a spell at you.
You are confused.
The orc barely misses you.
You miss the orc wizard.
The orc wizard is moderately wounded.
You hit the orc but do no damage. The orc barely misses you. x2
The orc completely misses you.
The orc wizard gestures at you while chanting.
The magic dart hits you.
You closely miss the orc.
The orc is severely wounded.
You hit the orc but do no damage. You hit the orc wizard.
You feel better.
The orc wizard hits you but does no damage.
The orc closely misses you. The orc barely misses you.
You bump into the rock wall.
A scorpion comes into view.
The orc wizard hits you with a +2 dagger of speed.
The orc hits you but does no damage. The orc hits you with a +0 dagger.
The orc wizard hits you with a +2 dagger of speed.
You hit the orc wizard.
You feel better.
The orc wizard is heavily wounded.
You hit the orc.
You feel better.
You kill the orc!
You barely miss the orc. The orc closely misses you.
The orc wizard closely misses you.
The orc wizard hits you with a +2 dagger of speed.
The orc hits you but does no damage.
You bump into the rock wall.
You feel less confused. The orc wizard casts a spell at you.
The puff of flame hits you. You resist. The orc hits you but does no damage.
You slash the orc wizard!
You feel better.
You kill the orc wizard!
You slash the orc!
You feel better.
You kill the orc!
The scorpion stings you. x2
Things that are here:
a +2 dagger of speed; a +0 robe You hit the scorpion.
You feel better.
The scorpion is lightly wounded.
The scorpion stings you but does no damage.
Casting: Foxfire (safe; 4% risk of failure)
Confirm with . or Enter, or press ? or * to list all spells.
You conjure some foxfire!
The scorpion stings you. The scorpion barely misses you.
You barely miss the scorpion.
The scorpion is lightly wounded.
The foxfire hits the scorpion.
The scorpion is moderately wounded.
The scorpion stings you!
You hit the scorpion.
The scorpion is moderately wounded.
The scorpion stings you. The scorpion closely misses you.
The foxfire hits the scorpion but does no damage.
The scorpion is moderately wounded.
The scorpion closely misses you.
Casting: Foxfire (safe; 4% risk of failure)
Confirm with . or Enter, or press ? or * to list all spells.
You conjure some foxfire!
* * * LOW HITPOINT WARNING * * *
The scorpion stings you.
* * * LOW HITPOINT WARNING * * *
The scorpion stings you.
* * * LOW HITPOINT WARNING * * *
You barely miss the scorpion.
The scorpion is moderately wounded.
The foxfire hits the scorpion!
The scorpion is severely wounded.
The foxfire hits the scorpion.
The scorpion is almost dead.
The scorpion stings you.
* * * LOW HITPOINT WARNING * * *
Casting: Foxfire (safe; 4% risk of failure)
Confirm with . or Enter, or press ? or * to list all spells.
You blink.
A bullfrog comes into view.
Found a scroll labelled GUMAL DODAAB.
* * * LOW HITPOINT WARNING * * *
The bullfrog croaks.
Okay, then.
Throw: 5 boomerangs (disperse)
Press: ? - help, Q - select action, (/) - cycle Shift-Dir - straight line, f - bullfrog
Aim: a bullfrog (51% to hit)
You throw a boomerang of dispersal.
The boomerang of dispersal hits the bullfrog but does no damage.
The bullfrog hits you.
* * * LOW HITPOINT WARNING * * *
You closely miss the bullfrog. The bullfrog misses you.
The bullfrog closely misses you. The bullfrog hits you.
You die...

##._..⌠.._.##.<####
...........##..#
#.........##..#
#...._....##..#
#.##...>.###..#
#.#####.## #..# #.#
#.# #..# #F# #.#
#... #@#####)####.#
#....s....)....#
....#######)#.####
...#.. #.#.# ♣.?..
#.# # ♣... #.# ♣.♣.
..# .♣.♣ ###


You could see a bullfrog and a scorpion.

Vanquished Creatures
  Menkaure (D:4)
  An ogre (D:3)
  A hound (D:6)
  An orc wizard (D:6)
  An iguana (D:5)
  An adder (D:6)
  A worm (D:3)
  2 dart slugs
  4 orcs
  3 bats
  An endoplasm (D:2)
  3 giant cockroaches
  4 goblins
  5 hobgoblins
  2 jackals (D:3)
  4 ball pythons
  4 frilled lizards
  4 kobolds
  7 rats
50 creatures vanquished.

Vanquished Creatures (others)
  37 foxfires
37 creatures vanquished.

Grand Total: 87 creatures vanquished

Notes
Turn   | Place    | Note
-------+----------+-------------------------------------------
     0 | D:1      | EnegeticOcto the Djinni Warper began the quest for the Orb.
     0 | D:1      | Reached XP level 1. HP: 18/18 MP: 0/0
    51 | D:1      | Reached XP level 2. HP: 11/23 MP: 0/0
   191 | D:1      | Reached skill level 3 in Unarmed Combat
   277 | D:2      | Reached XP level 3. HP: 9/28 MP: 0/0
   277 | D:2      | Learned a level 1 spell: Foxfire
   538 | D:3      | Noticed an ogre
   551 | D:3      | Killed an ogre
   552 | D:3      | Reached skill level 4 in Fighting
   552 | D:3      | Reached XP level 4. HP: 17/37 MP: 0/0
   552 | D:3      | Reached XP level 5. HP: 19/41 MP: 0/0
   552 | D:3      | Learned a level 2 spell: Searing Ray
   589 | D:3      | Found a glowing silver altar of Zin.
   645 | D:4      | Found Ycoidel's Mayhem Merchandise.
   645 | D:4      | Found a staircase to the Ecumenical Temple.
   662 | Temple   | Entered the Ecumenical Temple
   696 | D:4      | Bought a wand of iceblast (7) for 110 gold pieces
   779 | D:4      | Noticed Menkaure
   786 | D:4      | Killed Menkaure
   787 | D:4      | Reached skill level 3 in Spellcasting
   787 | D:4      | Reached XP level 6. HP: 37/47 MP: 0/0
   859 | D:5      | Entered Level 5 of the Dungeon
   859 | D:5      | Found Doako's Jewellery Shop.
   879 | D:6      | Reached skill level 4 in Spellcasting
   879 | D:6      | Found a blossoming altar of Fedhas.
   886 | D:6      | Found an ornate altar of the Wu Jian Council.
   887 | D:6      | Found a shadowy altar of Dithmenos.
   922 | D:6      | HP: 1/48 [bullfrog (2)]
   923 | D:6      | Slain by a bullfrog

Illustrated notes

Levels and vault maps discovered:
D:1:      amcnicky_arrival_underground_garden, layout_loops_ring
D:2:      layout_loops_ring, minmay_randomly_rotated_circles
D:3:      layout_rooms, cheibriados_altar_1,
          mainiacjoe_overflow_six_doors_small, serial_glass, glass_columns_c,
          glass_columns_c, minmay_strange_pillars
D:4:      layout_rooms, minmay_temple_entry_offerings,
          kennysheep_cluttered_room, minmay_shop_mayhem, uniq_pikel,
          uniq_menkaure
D:5:      layout_basic, doesnt_xom_only_xom, serial_shops, shop,
          nicolae_lakefront_shop, nicolae_shop_hallway_stairs,
          nicolae_stop_n_shop_1
D:6:      layout_loops_ring, nzn_overflow_gifts_of_might_and_magic,
          okawaru_trees_2, grunt_temple_overflow_open,
          chequers_serial_rivers_micro_c, solitary_fountain,
          minmay_misc_feat_iff, minivault_11, uniq_grinder
Temple:   corrupted_temple

Skill      XL: |  1  2  3  4  5  6 |
---------------+-------------------+-----
Unarmed Combat | 3 |  3.5
Fighting       | 4 |  4.4
Spellcasting   | 3 4 |  4.0
Throwing       | |  0.7
Armour         | |  1.0
Dodging        | |  2.1

Action                   |  1- 3 |  4- 6 || total
-------------------------+-------+-------++-------
Melee: Unarmed           |    72 |       ||    72
       Punch             |     1 |       ||     1
       War axe           |    12 |    46 ||    58
Throw: Boomerang         |     2 |     1 ||     3
 Cast: Foxfire           |     7 |    13 ||    20
       Blink             |       |     3 ||     3
  Use: Potion            |     1 |       ||     1
       Scroll            |     1 |       ||     1
Armor: Leather armour    |    19 |    12 ||    31
Dodge: Dodged            |    42 |    34 ||    76

Table legend: (Time is in decaauts)
 A = Elapsed time spent in this place.
 B = Non-inter-level travel time spent in this place.
 C = Inter-level travel time spent in this place.
 D = Time resting spent in this place.
 E = Time spent auto-exploring this place.
 F = Levels seen in this place.
 G = Mean time per level.
                   A        B        C        D        E       F      G
               +--------+--------+--------+--------+--------+-----+--------+
         Total |    947 |    938 |      9 |      0 |      0 |   7 |  135.3 |
       Dungeon |    922 |    913 |      9 |      0 |      0 |   6 |  153.7 |
        Temple |     25 |     25 |      0 |      0 |      0 |   1 |   25.0 |
               +--------+--------+--------+--------+--------+-----+--------+

Top non-repeatable levels by time:
     D:2: 254 daAuts
     D:1: 221 daAuts
     D:4: 198 daAuts
     D:3: 170 daAuts
     D:6: 64 daAuts
  Temple: 25 daAuts
     D:5: 12 daAuts
